 Dungeon Crawl Stone Soup version 0.17.1-2-g5865329 (webtiles) character file.

291 seren the Conjurer (level 6, -9/32 HPs)
             Began as a Deep Elf Conjurer on Feb 5, 2016.
             Mangled by Duvessa
             ... wielding a +0 short sword
              (10 damage)
             ... on level 4 of the Dungeon on Feb 6, 2016.
             The game lasted 00:31:51 (3899 turns).

seren the Conjurer (Deep Elf Conjurer)              Turns: 3899, Time: 00:31:52

Health: -9/32      AC:  2    Str:  6    XL:     6   Next: 10%
Magic:  6/12       EV: 13    Int: 21    God:
Gold:   253        SH:  0    Dex: 15    Spells: 3 memorised, 3 levels left

rFire  + . .     SeeInvis .     h - +1 whip
rCold  . . .     Clarity  .     a - +0 robe
rNeg   + . .     SustAt   .     (no shield)
rPois  .         Gourm    .     (no helmet)
rElec  .         Spirit   .     o - +0 cloak
rCorr  .         Warding  .     (no gloves)
rMut   .         Stasis   .     (no boots)
MR     .....                    (no amulet)
Stlth  ++........               u - ring of protection from fire
                                i - ring of positive energy

@: very slightly contaminated, not resistant to hostile enchantments, unstealthy
A: deformed body, spit poison 1, wild magic 1
a: Spit Poison


You were on level 4 of the Dungeon.
You were not hungry.

You visited 1 branch of the dungeon, and saw 5 of its levels.

You collected 253 gold pieces.

Inventory:

Hand Weapons
 h - a +1 whip (weapon)
Armour
 a - a +0 robe (worn)
 o - a +0 cloak (worn)
Jewellery
 i - a ring of positive energy (left hand)
 u - a ring of protection from fire (right hand)
Scrolls
 m - a scroll of identify
 r - 2 scrolls of teleportation
Potions
 e - a potion of mutation
 f - a potion of heal wounds {unknown}
 k - 2 potions of resistance {unknown}
 l - 3 potions of cancellation
 p - 3 potions of curing
 w - a potion of beneficial mutation {unknown}
Books
 b - a book of Conjurations

   Spells                             Type                      Level
   a - Magic Dart                     Conjuration                  1
   b - Searing Ray                    Conjuration                  2
   c - Dazzling Spray                 Conjuration/Hexes            3
   d - Fulminant Prism                Conjuration/Hexes            4
   e - Iskenderun's Mystic Blast      Conjuration                  4
   f - Iskenderun's Battlesphere      Conjuration/Charms           5
Comestibles
 c - 5 bread rations
 q - 4 fruits
 v - 2 beef jerkies
 x - a meat ration
 z - 3 chunks of flesh


   Skills:
 - Level 2.4 Dodging
 - Level 2.4 Stealth
 - Level 3.0 Spellcasting
 * Level 7.7 Conjurations
 + Level 2.8 Charms


You had 3 spell levels left.
You knew the following spells:

 Your Spells              Type           Power        Failure   Level  Hunger
a - Magic Dart            Conj           ####         2%          1    None
b - Searing Ray           Conj           ######       3%          2    ##.....
c - Iskenderun's Battles  Conj/Chrm      #####...     56%         5    ######.


Dungeon Overview and Level Annotations

Branches:
Dungeon (5/15)
 Temple: D:4-7

Altars:
Dithmenos
Qazlal
Zin
The Shining One

Shops:
D:5 [

Annotations:
D:4 Duvessa
D:5 Grinder


Innate Abilities, Weirdness & Mutations

Armour fits poorly on your strangely shaped body.
You can spit weak poison.
Your spells are a little harder to cast, but a little more powerful.


Message History

Duvessa is lightly wounded.
Duvessa hits you with a short sword!
Casting: Magic Dart
Confirm with . or Enter, or press ? or * to list all spells.
Aiming: Magic Dart
Press: ? - help, Shift-Dir - straight line, f/p - Duvessa
Aim: Duvessa, wielding a short sword (lightly wounded, berserk, fast, unusually strong)
The magic dart hits Duvessa.
Duvessa is moderately wounded.
Duvessa hits you with a short sword! x2
* * * LOW HITPOINT WARNING * * *
Casting: Magic Dart
Confirm with . or Enter, or press ? or * to list all spells.
Aiming: Searing Ray
Press: ? - help, Shift-Dir - straight line, f/p - Duvessa
Aim: Duvessa, wielding a short sword (moderately wounded, berserk, fast, unusually strong)
The searing ray hits Duvessa.
Duvessa is moderately wounded.
Duvessa hits you with a short sword!
You die...

#.......#####
#.......#...#### ## #
#...... #.#....###. ##?
#. .... #.####.#... ....
#. ..# #.# #...>.
.....#. #.###.# ##.....
.......###.##..###...##.
.......@e...........####
.......###.##.#####.####
....... #.#..# ###.....
....... #...## #...###.
.....## ###. #.### #.
##.#. ... ... ## #.#
....#### # ..#_#


You could see Duvessa (berserk).

Vanquished Creatures
  Dowan (D:4)
  2 hounds
  Jessica (D:2)
  2 worker ants
  A hound skeleton (D:4)
  3 adders
  2 oozes
  A worm (D:3)
  An orc (D:3)
  6 bats
  5 giant cockroaches
  7 hobgoblins
  4 jackals (D:3)
  7 kobolds
  A ball python (D:3)
  2 giant geckos
  A giant newt (D:2)
  8 goblins
  7 rats
62 creatures vanquished.

Notes
Turn   | Place    | Note
--------------------------------------------------------------
     0 | D:1      | seren the Deep Elf Conjurer began the quest for the Orb.
     0 | D:1      | Reached XP level 1. HP: 10/10 MP: 6/6
   204 | D:1      | Reached XP level 2. HP: 15/15 MP: 2/8
   270 | D:1      | Reached skill level 5 in Conjurations
   952 | D:2      | Reached XP level 3. HP: 19/19 MP: 5/9
  1029 | D:2      | Found a shadowy altar of Dithmenos.
  1081 | D:2      | Learned a level 2 spell: Searing Ray
  1195 | D:2      | Found a faded altar to an unknown god.
  1195 | D:2      | Noticed Jessica
  1198 | D:2      | Killed Jessica
  1198 | D:2      | Reached skill level 6 in Conjurations
  1352 | D:3      | Reached XP level 4. HP: 24/24 MP: 5/10
  1776 | D:4      | Noticed Duvessa
  1778 | D:4      | Noticed Dowan
  1806 | D:3      | Noticed an earth elemental
  1808 | D:3      | Found a stormy altar of Qazlal.
  1810 | D:3      | Noticed a water elemental
  1811 | D:3      | Noticed an air elemental
  1811 | D:3      | Noticed a fire elemental
  2187 | D:3      | Reached skill level 7 in Conjurations
  2187 | D:3      | Reached XP level 5. HP: 28/28 MP: 5/11
  2194 | D:3      | Learned a level 5 spell: Iskenderun's Battlesphere
  2605 | D:3      | Noticed an ogre
  2734 | D:4      | Found a glowing golden altar of the Shining One.
  2858 | D:4      | Reached skill level 1 in Charms
  2903 | D:5      | Entered Level 5 of the Dungeon
  3191 | D:5      | Found Nuutyl's Armour Shop.
  3199 | D:5      | Noticed a phantom
  3347 | D:5      | Noticed a centaur
  3426 | D:5      | Noticed Grinder
  3634 | D:4      | Found a glowing silver altar of Zin.
  3762 | D:4      | Killed Dowan
  3762 | D:4      | Reached XP level 6. HP: 32/32 MP: 2/12
  3867 | D:4      | Gained mutation: You can spit weak poison. [potion of mutation]
  3867 | D:4      | Gained mutation: Your spells are a little harder to cast, but a little more powerful. [potion of mutation]
  3867 | D:4      | Gained mutation: Armour fits poorly on your strangely shaped body. [potion of mutation]
  3898 | D:4      | HP: 1/32 [Duvessa/short sword (9)]
  3899 | D:4      | Mangled by Duvessa

Action                   |  1- 3 |  4- 6 || total
-------------------------+-------+-------++-------
Melee: Unarmed           |     3 |       ||     3
       Whip              |     8 |    18 ||    26
 Cast: Magic Dart        |    55 |    66 ||   121
       Searing Ray       |       |     7 ||     7
  Use: Scroll            |     1 |    10 ||    11
       Potion            |       |     1 ||     1
  Eat: Chunk             |     1 |     7 ||     8
       Fruit             |       |     1 ||     1
